AoeStats
← Beisser

Nomad

509926216Analyzed
2v2 RM · 4d ago on Sep 28, 2026· 39m 23s· 4 players
Game mode
Random Map
Map size
176×176
Population
200
Speed
Normal
Resources
Standard
Victory
Conquest
Starting age
Dark Age
Ending age
Imperial Age
RankedLock teamsTeams togetherTeam positionsShared explorationLock speedFull tech treeHidden civsTurbo modeCheats
Victory
Defeat
🇦🇹 Wu · Austria
1448
+16
🇦🇹 Portuguese · Austria
1391
+18
🇨🇭 Bulgarians · Switzerland
1448
-29
🇨🇭 Mapuche · Switzerland
1448
-29
DeadlyEfficiency
8:34 Loom
12:18 Feudal Age
17:30 Castle Age
16:26 Fletching
18:13 Bodkin Arrow
19:51 Double-Bit Axe
21:48 Padded Archer Armor
23:53 Red Cliffs Tactics
26:18 Ballistics
35:58 Leather Archer Armor
Hector
4:42 Loom
13:45 Feudal Age
14:06 Feudal Age
17:55 Castle Age
16:47 Double-Bit Axe
16:43 Horse Collar
18:53 Heavy Plow
19:32 Gold Mining
22:09 Sanctity
22:27 Bow Saw
24:01 Fervor
32:44 Imperial Age
31:47 Town Watch
32:38 Wheelbarrow
32:07 Fletching
33:24 Bodkin Arrow
34:30 Conscription
35:40 Chemistry
34:42 Scale Mail Armor
34:52 Pikeman
36:43 Halberdier
<|>o.o<|>
5:13 Loom
15:21 Feudal Age
16:40 Fletching
18:56 Castle Age
17:34 Double-Bit Axe
17:54 Fletching
17:56 Gold Mining
19:31 Bodkin Arrow
20:18 Padded Archer Armor
23:04 Leather Archer Armor
25:10 Ballistics
33:35 Imperial Age
33:54 Bow Saw
37:35 Ring Archer Armor
Beisser
13:37 Feudal Age
14:56 Double-Bit Axe
17:46 Castle Age
19:59 Bow Saw
19:44 Loom
21:20 Fishing Lines
22:32 Wheelbarrow
23:01 Gillnets
23:26 Medium Warships
25:50 Hand Cart
28:18 Scale Barding Armor
32:28 Imperial Age
30:55 Scale Barding Armor
31:01 Forging
31:45 Stirrups
34:50 Bloodlines
34:40 Husbandry
35:01 Chain Barding Armor
35:16 Iron Casting
35:18 Horse Collar
36:42 Plate Barding Armor
35:58 Fletching
37:37 Onager
39:24 Blast Furnace
39:00 Cavalier
Connection lost

Rejoining the realm…

Still unreachable

The connection could not be restored.

Session expired

The server has moved on; the page needs a fresh start.